Cogmind - Beta 17.1 @@@ ROGUE MODE // 2026.09.12 @ 19:51:37 Player: Ethranok Result: Destroyed by D-53 Grenadier with Mini Grenade Launcher Performance ------------- Evolutions (0) 0 Regions Visited (2) 400 Robots Destroyed (27) 135 Value Destroyed (705) 705 Prototype IDs (0) 0 Alien Tech Used (0) 0 Bonus (0) 0 TOTAL SCORE: 1240 Bonus ------- None Cogmind --------- Core Integrity 0/250 Matter 143/300 Energy 99/100 System Corruption 0% Temperature Cool (0) Movement Core (350) Ox6 Location -10/Mines Parts ------- > --- POWER (1) -------- (None) > --- PROPULSION (2) --- (None) > --- UTILITY (2) ------ Large Storage Unit Signal Interpreter > --- WEAPON (2) ------- (None) > --- INVENTORY (15) --- Ion Engine Light Ion Engine Huge Storage Unit High-capacity Matter Pod (200) Sensor Array Signal Interpreter Targeting Computer Targeting Computer Core Shielding Power Shielding Backup Plating I Particle Gun Subdweller Machine Gun Mining Laser Peak State ------------ > --- POWER ------------ Light Ion Engine > --- PROPULSION ------- Light Treads Light Treads > --- UTILITY ---------- Huge Storage Unit Backup Plating I > --- WEAPON ----------- Assault Rifle Subdweller Machine Gun > --- INVENTORY -------- Light Ion Engine High-capacity Matter Pod Signal Interpreter Signal Interpreter Terrain Scan Processor Targeting Computer Targeting Computer Core Shielding Power Shielding Particle Gun Light Assault Rifle Mining Laser [Rating: 9] Favorites ----------- Power Light Ion Engine Engine Light Ion Engine Propulsion Light Treads Treads Light Treads Utility Large Storage Unit Storage Large Storage Unit Processor Signal Interpreter Protection Backup Plating I Weapon Assault Rifle Energy Gun Particle Gun Ballistic Gun Assault Rifle Launcher Grenade Launcher Build | -11 -10 -10 ------- Run | Yrd Mat Min Slots Evolved . | . . . Power . | . . . Propulsion . | . . . Utility . | . . . Weapon . | . . . Parts Attached 18 | 7 9 2 Power 2 | 1 1 . Engine 2 | 1 1 . Core . | . . . Reactor . | . . . Propulsion 2 | 2 . . Treads 2 | 2 . . Leg . | . . . Wheel . | . . . Hover . | . . . Flight . | . . . Utility 5 | 1 4 . Device . | . . . Storage 4 | 1 3 . Processor 1 | . 1 . Hackware . | . . . Protection . | . . . Artifact . | . . . Weapon 9 | 3 4 2 Energy Gun 3 | 2 1 . Energy Cannon . | . . . Ballistic Gun 4 | 1 3 . Ballistic Cannon . | . . . Launcher 2 | . . 2 Special Weapon . | . . . Impact Weapon . | . . . Slashing Weapon . | . . . Piercing Weapon . | . . . Special Melee Weapon . | . . . Unidentified Prototypes . | . . . Parts Lost 7 | . 1 6 Power 1 | . . 1 Propulsion 2 | . . 2 Utility . | . . . Weapon 4 | . 1 3 Highest Loss Streak 6 | . 1 6 To Critical Strikes . | . . . Average Backups 10 | 2 9 14 Power 1 | . 1 1 Propulsion . | . . . Utility 6 | . 6 9 Weapon 2 | . 2 3 Tool/Special . | . . . Unused Backups 11 | . 1 10 Power 2 | . . 2 Propulsion . | . . . Utility 8 | . 1 7 Weapon 1 | . . 1 Tool/Special . | . . . Average Slot Usage (%) 95 | . 94 99 Engine 13 | . 14 13 Treads 27 | . 27 27 Storage 14 | . 14 14 Processor 5 | . 2 14 Protection 4 | . 6 . Energy Gun 8 | . 8 5 Ballistic Gun 16 | . 18 10 Launcher 3 | . . 11 Peak Build Rating 9 | 6 9 9 Average Rating 7 | 4 7 8 On Entrance 5 | . 6 9 Avg Prop Armor Cover (%) . | . . . Naked Turns . | . . . Heaviest Build 90 | 12 90 31 Greatest Support 40 | 40 40 40 Greatest Overweight (x) 3 | 3 2 . Average Overweight (x) . | . . . Largest Inventory Capacity 25 | 8 25 15 Average Capacity 15 | 7 16 15 Most Carried 15 | 5 15 15 Average Carried 10 | 2 9 14 Final Capacity 15 | 8 15 15 Final Carried 14 | 2 14 14 Class Distribution -------------------- 100% | Mutant Dominant Class ---------------- Mutant | -10/Materials Mutant | -10/Mines Resources | -11 -10 -10 ----------- Run | Yrd Mat Min Matter Collected 723 | 195 483 45 Remotely . | . . . Salvage Created 727 | . 604 123 Parts 52 | . 41 11 Haulers Intercepted 1 | . 1 . Recyclers Shooed 1 | . 1 . Parts Field Recycled . | . . . Retrieved Matter . | . . . Parts Self-Destructed . | . . . Prevented . | . . . Parts Restored . | . . . Kills | -11 -10 -10 ------- Run | Yrd Mat Min Combat Hostiles Destroyed 24 | . 16 8 Guns 18 | . 16 2 AOE 6 | . . 6 Classes Destroyed 7 | . 5 2 Tunneler 1 | . . 1 Hauler 1 | . 1 . Watcher 2 | . 2 . Swarmer 8 | . 5 3 Grunt 13 | . 9 4 Subdweller 2 | . 2 . Assembled 1 | . . 1 Best Kill Streak 5 | . 5 4 Combat Bots Only 5 | . 5 3 Max Kills in Single Turn 3 | . 2 3 Gunslinging 1 | . 1 . Exploded 2 | . . 2 Melee . | . . . Uniques/NPCs Destroyed . | . . . Combat | -11 -10 -10 -------- Run | Yrd Mat Min Hostile Shots Fired 109 | . 80 29 Missed 28 | . 21 7 Hits 81 | . 59 22 Projectile 81 | . 59 22 AOE 11 | . 2 9 Damage Taken 1346 | . 748 598 Core 259 | . 109 150 Absorbed by Shields . | . . . Regen/Repaired (Parts) 307 | . 307 . Core Remaining (%) 100 | 100 . . Volleys Fired 79 | . 62 17 Largest 2 | . 2 2 Hottest 85 | . 85 85 Shots Fired 154 | . 124 30 Gun 138 | . 124 14 Cannon . | . . . Launcher 16 | . . 16 Special . | . . . Kinetic 92 | . 83 9 Thermal 32 | . 27 5 Explosive 16 | . . 16 Electromagnetic 14 | . 14 . Robot Hit Streak 13 | . 13 7 Robot Miss Streak 5 | . 5 2 Penetration Max . | . . . Secondary Targets 4 | . 4 . Max Gunslinging Chain 1 | . 1 . Shots Hit Robots 98 | . 82 16 Core Hits 56 | . 37 19 Critical Kills . | . . . Critical Parts Destroyed . | . . . Critical Strikes 2 | . 2 . Burn 1 | . 1 . Corrupt 1 | . 1 . Melee Attacks . | . . . Impact . | . . . Slashing . | . . . Piercing . | . . . Sneak Attacks . | . . . Combat Hostiles . | . . . Follow-up Attacks . | . . . Damage Inflicted 1703 | . 913 790 Guns 1005 | . 883 122 Cannons . | . . . Explosions 654 | . . 654 Melee . | . . . Ramming 44 | . 30 14 Kinetic 540 | . 479 61 Thermal 329 | . 268 61 Explosive 654 | . . 654 Electromagnetic 136 | . 136 . Impact . | . . . Slashing . | . . . Piercing . | . . . Highest Corruption . | . . . Average Corruption . | . . . Corruption Purged . | . . . Corruption Blocked . | . . . Overload Shots . | . . . Overflow Damage 42 | . . 42 Projectiles . | . . . Explosions 42 | . . 42 Melee . | . . . Knockbacks 2 | . 2 . Impact 2 | . 2 . Kinetic . | . . . Secondary . | . . . Self-Inflicted Damage 65 | . . 65 Shots 5 | . . 5 Rammed 9 | . 7 2 Targets Rammed 9 | . 7 2 Kicked . | . . . Crushed . | . . . Highest Temperature 180 | . 180 180 Average Temperature 49 | . 45 75 Received Heat Transfer 342 | . 249 93 Siege Activations . | . . . Martial Activations . | . . . Shielding Activations . | . . . Robots Disrupted . | . . . Combat Hostiles . | . . . Robots Corrupted . | . . . Combat Hostiles . | . . . Parts Fried . | . . . Impact Corruptions . | . . . Robots Melted . | . . . Combat Hostiles . | . . . Parts Melted 7 | . 7 . Heat Transferred 962 | . 814 148 Parts Sabotaged . | . . . Parts Stolen . | . . . Parts Stripped . | . . . Power Chain Reactions . | . . . Alert | -11 -10 -10 ------- Run | Yrd Mat Min Maximum Alert Level . | . . . Low Security (%) 100 | 100 100 100 Level 1 . | . . . Level 2 . | . . . Level 3 . | . . . Level 4 . | . . . Level 5 . | . . . High Security . | . . . Max Security . | . . . Peak Influence 155 | . 120 155 Initial 16 | . . 16 Average 36 | . 33 49 Influence Increases 633 | . 389 244 Destroy 0b10 Robot/C 420 | . 280 140 Destroy 0b10 Robot/NC 20 | . 15 5 Destroy Leader 96 | . 66 30 Successful Hack 27 | . 27 . Disable Machine 15 | . . 15 Destroy Structure 55 | . 1 54 Influence Decreases 627 | . 345 282 Entered New Map 28 | . . 28 Time Decay 529 | . 335 194 Lost Part 70 | . 10 60 Squads Dispatched 2 | . 2 . Investigation 2 | . 2 . Extermination . | . . . Reinforcement . | . . . Assault . | . . . Garrison . | . . . Intercept . | . . . Searches Triggered . | . . . Construction Impeded . | . . . Haulers Reinforced . | . . . Active Scanning Responses . | . . . Cargo Convoy Interrupts . | . . . Stealth | -11 -10 -10 --------- Run | Yrd Mat Min Distress Signals 1 | . 1 . Communications Jammed . | . . . Distress Signals . | . . . Times Spotted 34 | . 24 10 Peak Tracking Total 4 | . 4 3 Tactical Retreats . | . . . Traps | -11 -10 -10 ------- Run | Yrd Mat Min Traps Triggered 1 | . 1 . Indirectly . | . . . Trap Hack Attempts . | . . . Triggered . | . . . Disarmed . | . . . Reprogrammed . | . . . Reused . | . . . Traps Extracted . | . . . Installed . | . . . Triggered . | . . . Machines | -11 -10 -10 ---------- Run | Yrd Mat Min Machines Disabled 1 | . . 1 Max in Single Turn 1 | . . 1 Machines Repaired . | . . . Machines Dismantled . | . . . Machines Sabotaged . | . . . Overloaded Fab Kills . | . . . Hacking | -11 -10 -10 --------- Run | Yrd Mat Min Machines Accessed 12 | . 11 1 Terminals 8 | . 8 . Fabricators . | . . . Repair Stations 1 | . 1 . Recycling Units 2 | . 2 . Scanalyzers . | . . . Garrison Access . | . . . Total Hacks 36 | . 35 1 Successful 16 | . 15 1 Failed 20 | . 20 . Catastrophic 4 | . 4 . Database Lockouts . | . . . Manual 19 | . 19 . Terminals 19 | . 19 . Fabricators . | . . . Repair Stations 9 | . 9 . Recycling Units 7 | . 7 . Scanalyzers . | . . . Garrison Access . | . . . Terminal Hacks 4 | . 3 1 Robot Analysis 2 | . 2 . Open Door 1 | . . 1 Terminal Index 1 | . 1 . Fabricator Hacks . | . . . Repair Station Hacks 7 | . 7 . Scan Component 3 | . 3 . Repair 3 | . 3 . Refit 1 | . 1 . Recycling Unit Hacks 5 | . 5 . Report Inventory 2 | . 2 . Retrieve Matter 1 | . 1 . Retrieve Components 2 | . 2 . Scanalyzer . | . . . Garrison Access Hacks . | . . . Unauthorized Hacks . | . . . Terminals . | . . . Fabricators . | . . . Repair Stations . | . . . Recycling Units . | . . . Scanalyzers . | . . . Garrison Access . | . . . Data Cores Recovered . | . . . Used . | . . . Hacking Detections 9 | . 9 . Full Trace Events 2 | . 2 . Feedback Events . | . . . Feedback Blocked . | . . . Robot Schematics Acquired . | . . . Robots Built . | . . . Authchips . | . . . Time . | . . . Total Robot Build Rating . | . . . Part Schematics Acquired . | . . . Parts Built . | . . . Authchips . | . . . Time . | . . . Total Part Build Rating . | . . . Part Studies Acquired . | . . . Parts Repaired 3 | . 3 . Time 78 | . 78 . Parts Recycled . | . . . Recycled Matter . | . . . Retrieved Matter . | . . . Retrieved Components 2 | . 2 . Parts Scanalyzed . | . . . Part Schematics Acquired . | . . . Parts Damaged . | . . . Bothacking | -11 -10 -10 ------------ Run | Yrd Mat Min Used RIF Installer . | . . . Robots Hacked . | . . . Non-combat . | . . . Combat . | . . . Robot Hacks Applied . | . . . Relay Couplers Released . | . . . Fabnet Peak Effective % . | . . . Robots Rewired . | . . . Allies Hacked . | . . . Hacks Repelled . | . . . Allies | -11 -10 -10 -------- Run | Yrd Mat Min Total Allies . | . . . Largest Group . | . . . Highest-Rated Group . | . . . Highest-Rated Ally . | . . . Total Orders . | . . . Ally Attacks . | . . . Total Damage . | . . . Kills . | . . . Allies Corrupted . | . . . Allies Melted . | . . . Intel | -11 -10 -10 ------- Run | Yrd Mat Min Active Infowar (turns) . | . . . Robot Analysis Total 2 | . 2 . Derelict Logs Recovered . | . . . Drone Launches . | . . . Drone Recoveries . | . . . Exploration | -11 -10 -10 ------------- Run | Yrd Mat Min Turns Passed 2862 | 64 2082 716 Spaces Moved 1323 | 34 887 402 Core 15 | 15 . . Treads 1308 | 19 887 402 Legs . | . . . Wheels . | . . . Hover . | . . . Flight . | . . . Fastest Speed 50 | 50 160 160 Average Speed 185 | 146 198 160 Slowest Speed 320 | 200 320 160 Overloaded Moves . | . . . Propulsion Burnouts . | . . . Robots Hopped . | . . . Potential Cave-ins . | . . . Cave-ins Triggered . | . . . Exploration Rate (%) 57 | 3 96 73 Regions Visited 2 Branch Regions 1 Pre-discovered Areas 1 | . . 1 Known Exits Taken 1 | . 1 . Unknown Exits Taken 1 | 1 . . Scrap Searched 1 | . . 1 Spaces Dug . | . . . Terrain Destroyed 89 | . . 89 Melee . | . . . Projectile . | . . . AOE 89 | . . 89 Terrain Rammed . | . . . Walls Destroyed . | . . . Machines Disabled . | . . . Actions | -11 -10 -10 --------- Run | Yrd Mat Min Total 1586 | 48 1094 444 Wait 111 | . 98 13 Move 1321 | 33 886 402 Hop . | . . . Pick Up 33 | 8 22 3 Fast Attach . | . . . Attach 11 | 6 4 1 Detach . | . . . Swap 14 | 1 9 4 Drop 8 | . 6 2 Fire 79 | . 62 17 Melee . | . . . Ram . | . . . Kick . | . . . Crush 9 | . 7 2 Escape Stasis . | . . . Rewire . | . . . Trap . | . . . Miscellaneous . | . . . Route ------- -11/Scrapyard -10/Materials (discovered 5 exits: *Mat x3 / *Min / *Sub) -10/Mines (discovered 3 exits: *Mat x2 / *Sub) History --------- Turn | Location | Event 20 | -11/Scrapyard | Discovered new exit (range 16) 65 | -11/Scrapyard | Entered Materials 67 | -10/Materials | Discovered new exit (range 16) 133 | -10/Materials | Discovered new exit (range 6) 318 | -10/Materials | Build established: Mutant 665 | -10/Materials | Derelicts attacked the area 699 | -10/Materials | Repaired Lgt. Treads 727 | -10/Materials | Repaired Lgt. Treads 872 | -10/Materials | Discovered new exit (range 16) 1544 | -10/Materials | Discovered new exit (range 13) 1702 | -10/Materials | Discovered new exit (range 15) 1730 | -10/Materials | Identified exit to Materials 1963 | -10/Materials | Repaired Lgt. Treads 2046 | -10/Materials | Identified exit to Subcaves 2144 | -10/Materials | Identified exit to Mines 2147 | -10/Materials | Entered Mines 2149 | -10/Mines | Core integrity fell below 50% 2189 | -10/Mines | Discovered exit to Subcaves (range 7) 2201 | -10/Mines | Found the Drone Emporium 2256 | -10/Mines | Discovered exit to Materials (range 4) 2401 | -10/Mines | Learned location of Storage (-7) 2524 | -10/Mines | Discovered exit to Materials (range 12) 2752 | -10/Mines | Assembled infested the area 2862 | -10/Mines | Core integrity fell below 20% 2863 | -10/Mines | Destroyed by D-53 Grenadier with Mini Grenade Launcher Last Messages --------------- 02549_ Destroyed Particle Gun. 02549_ G-47 Trooper destroyed. 02550_ The unstable cave ceiling collapses. 02582_ Slammed into T-07 Excavator. 02587_ S-10 Pest destroyed. 02587_ T-07 Excavator destroyed. 02590_ S-10 Pest destroyed. 02591_ The unstable cave ceiling collapses. 02591_ Mining Laser crushed. 02613_ The unstable cave ceiling collapses. 02630_ K-01 Serf collects debris. 02670_ The unstable cave ceiling collapses. 02752_ ALERT: Infestation in the mines, dispatching Demolisher response squad. 02838_ as-28697 destroyed. 02843_ The unstable cave ceiling collapses. 02857_ Ion Engine destroyed. 02858_ Lgt. Treads destroyed. 02858_ Grenade Launcher destroyed. 02860_ Assault Rifle destroyed. 02861_ The unstable cave ceiling collapses. Map ----- +----------------------------------------------------+ | ?????????????? ??## ##?# #?### | | ????????????????# ## #####??# #?# | | ????????????????# ####??????# ### | | ?????????????????## ###?????????# | | ??????????????????## ###?????????## ## < | | ??????????????????## ##?????????# ## | | ??????????????????# #?????????# ## | | ?????????????????# #?????????# #### | | ???????????????# ## #?????????# #??? | | ??????????????? #?## #?????????# #??? | | ??????????????? #???##### ##?????????# #??? | | ???????????????? ????????# #??????????# #### | | ???????????????? ?????????# #??????????# | | ????????????????? ??????????# #??????????###### | | ????????????????? #?????##????# #???????????????? | | ???????????????????????? ##??# #???????????????? | | ????????????? ????????? ##?# #???????????????? | | ????????????? ???????? ### #???????????????? | | ???????????? ###???? ## #???????????????# | | ???????????? #??? ## #???????????????# | | ???????????? ### # #???????????????# | | ??????????? # # #???????????????# | | ??????????? d d < ## #???????????????# | | ?????????? ## #???????????????# | | ?????????? # #???????????##### | | ???????????"" @ #???????????# | | ?????????? ####???????????# =% | | ?????????? ## #??????????????# [ = | | ????????????????###### ##??????????????# %= | | ?????????????????????# ##???????????????# | | ?????????????????????########????????????????# | | ?????????????????????????????????????????????##### | | ?????????????????????????????????????????????????? | | ?????????????????????????????????????????????????? | | | | | | | | | | | | | | | | | | | | | | | | | | | | | | | | | +----------------------------------------------------+ Best States ------------- Heat Dissipation 25 Energy Generation 10 Energy Capacity 250 Matter Stores 300 Matter Capacity 300 Sight Range 16 Terrain Scan Density 10 Armor Coverage 80 Evasion (%) 50 Recoil Reduction 2 Item Schematics ----------------- None Robot Schematics ------------------ None Fabricated ------------ Nothing Repaired ---------- Lgt. Treads | 5% | -10/Materials Lgt. Treads | 36% | -10/Materials Lgt. Treads | 39% | -10/Materials Studied --------- None Alien Tech Used ----------------- None Achievements -------------- Fist Fight Challenges ------------ None Game ------ Seed RelayBorgRocket Manual? 0 Play Time 00:21:54 Cumulative 16.4 hours Start 2026.09.12 @ 19:31:32 End 2026.09.12 @ 19:51:37 Sessions 1 Manual Loads 0 Difficulty Rogue Special Mode None Game No. 24 Rogue 24 Adventurer 0 Explorer 0 Win Type - Total 0 Types 0/0/0/0/0/0/0/0/0/0 Lore% 7 Gallery% 12 Achievement% 13 Wizard Run 0 Options --------- Layout 0 ASCII 0 Keyboard 0 Movement Arrows Keybinds 0 Fullscreen 1 Font 24/Smallcaps Map View 56x25 Zoom Use 85% Tactical HUD 1 Map Filters NONE Filters NONE Steam 1 RUN: c1e0ddd4-568a-4108-9705-90f514300a52